 Dungeon Crawl Stone Soup version 0.26-a0-651-gb41185065b (webtiles) character file.

Game seed: 10277715305417348955

21164 Flugslaktarn the Cleaver (level 12, -11/118 HPs)
             Began as a Deep Dwarf Fighter on Oct 6, 2020.
             Was an Elder of Makhleb.
             Mangled by a large abomination (17 damage)
             ... on level 2 of the Abyss.
             The game lasted 00:06:03 (8336 turns).

Flugslaktarn the Cleaver (Deep Dwarf Fighter)       Turns: 8336, Time: 00:06:04

Health: -11/118    AC: 24    Str: 22    XL:     12   Next: 51%
Magic:  11/11      EV:  4    Int: 10    God:    Makhleb [****..]
Gold:   528        SH: 17    Dex: 14    Spells: 11/11 levels left

rFire    . . .     SeeInvis +   a - +1 war axe
rCold    . . .     Faith    .   b - +0 tower shield
rNeg     . . .     Spirit   .   D - +0 plate armour
rPois    .         Reflect  .   n - +2 helmet
rElec    .         Harm     .   g - +2 cloak
rCorr    .         Rampage  .   (no gloves)
MR       +....                  C - +2 pair of boots
Stlth    ..........             (no amulet)
HPRegen  0.00/turn              i - ring of see invisible
MPRegen  0.12/turn              (no ring)

@: mighty, non-regenerating
A: damage resistance, heal wounds, sense surroundings 2, no regeneration
a: Heal Wounds, Minor Destruction, Lesser Servant of Makhleb, Major Destruction,
Renounce Religion


You were on level 2 of the Abyss.
You worshipped Makhleb.
Makhleb was greatly pleased with you.
You visited 2 branches of the dungeon, and saw 15 of its levels.
You visited the Abyss 1 time.

You collected 528 gold pieces.

Inventory:

Hand Weapons
 a - a +1 war axe (weapon)
Armour
 b - a +0 tower shield (worn)
   (You found it on level 9 of the Dungeon)
 g - a +2 cloak (worn)
   (You found it on level 5 of the Dungeon)
 m - a +0 kite shield
 n - a +2 helmet (worn)
   (You found it on level 4 of the Dungeon)
 C - a +2 pair of boots (worn)
   (You found it on level 7 of the Dungeon)
 D - a +0 plate armour (worn)
   (You took it off an orc warrior on level 8 of the Dungeon)
Jewellery
 i - a ring of see invisible (left hand)
   (You found it on level 9 of the Dungeon)
 y - a +4 ring of protection {unknown}
   (You found it on level 12 of the Dungeon)
Wands
 u - a wand of enslavement (6)
   (You found it on level 7 of the Dungeon)
 v - a wand of iceblast (11)
   (You found it on level 11 of the Dungeon)
Scrolls
 f - a scroll of enchant armour
 l - 6 scrolls of enchant weapon
 o - 2 scrolls of fear
 p - 3 scrolls of fog
 r - 10 scrolls of identify
 t - 9 scrolls of teleportation
 x - 2 scrolls of remove curse
 A - a scroll of holy word
 B - a scroll of immolation
Potions
 c - a potion of brilliance {unknown}
 d - a potion of might
 e - 3 potions of flight
 h - a potion of haste
 j - 2 potions of lignification
 k - 2 potions of ambrosia
 q - 2 potions of curing
 s - 2 potions of magic
 w - 3 potions of heal wounds
 z - a potion of cancellation


   Skills:
 * Level 10.8 Fighting
 * Level 12.3 Axes
 + Level 9.4 Armour
 + Level 9.4 Shields
 + Level 9.6 Invocations
 + Level 3.9 Evocations


You had 11 spell levels left.
You didn't know any spells.
Your spell library was empty.

Dungeon Overview and Level Annotations

Branches:
Dungeon (14/15)            Temple (1/1) D:4            Lair (0/6) D:10
    Orc (0/2) D:12
 Vaults: D:13-14

Altars:
Ashenzari
Dithmenos
Gozag
Kikubaaqudgha
Makhleb
Okawaru
Qazlal
Ru
Sif Muna
Uskayaw
Wu Jian
Yredelemnul
Zin
The Shining One

Shops:
D:9 (   D:10 (*=[

Annotations:
D:14 Louise


Innate Abilities, Weirdness & Mutations

You are resistant to damage.
You can heal yourself by infusing magical energy.
You passively map the area around you.
You do not regenerate.


Message History

You feel much better.
You block the large abomination's attack.
You block the red draconian monk's attack.
The red draconian monk kicks you!
* * * LOW HITPOINT WARNING * * *
The red draconian monk barely misses you.
You miss the red draconian monk.
The red draconian monk is almost dead.
You slash the large abomination! The large abomination hits you.
The red draconian monk hits you but does no damage.
The red draconian monk kicks you but does no damage.
The red draconian monk tail-slaps you but does no damage.
You closely miss the red draconian monk.
The red draconian monk is almost dead.
You hit the large abomination but do no damage.
The red draconian monk breathes flames at you.
The searing blast hits you!!
* * * LOW HITPOINT WARNING * * *
The large abomination hits you!!
You die...

.... #...## ###
.....#. ..
....... ## .
....... . #.
....... #.##.##.
...# . #..
#q.#...## #
.#.@.....#
#..#..X.......
...#...#........
.
..#.#####.......
# .#. ##
...ยง.#. .# . .
.# ##...##. # .
# . .... . ...##
.. # #. # ..../
.. # #.#..## .


You could see a red draconian monk (catching breath) and a large abomination.

Vanquished Creatures
  Jorgrun (D:13)
  A centaur warrior (D:13)
  3 two-headed ogres
  A death yak (D:10)
  5 ugly things
  Joseph (D:7)
  A gargoyle (D:10)
  A komodo dragon (D:10)
  4 kobold demonologists
  A harpy zombie (D:12)
  Grinder (Temple)
  5 hippogriffs
  A shadow (D:12)
  4 wraiths
  2 basilisks (D:10)
  A vampire (D:10)
  Edmund (D:5)
  Menkaure (D:6)
  An acid dragon (D:12)
  A water moccasin (D:8)
  4 sky beasts
  3 orc warriors
  An eye of draining (D:12)
  2 black bears
  4 ice beasts
  A necrophage (D:12)
  5 ogres
  12 centaurs
  4 big kobolds
  9 bullfrogs
  A wyvern zombie (D:9)
  8 scorpions
  8 killer bees
  18 wights
  3 howler monkeys (D:10)
  2 bullfrog zombies
  A centaur zombie (D:12)
  3 jellies
  10 hounds
  4 orc priests
  11 orc wizards
  5 bullfrog skeletons
  A centaur skeleton (D:6)
  2 iguanas
  Terence (D:2)
  10 worker ants
  A hound skeleton (D:8)
  A howler monkey zombie (D:9)
  10 gnolls
  13 adders
  3 shadow imps
  An ufetubus (D:8)
  A worm (D:2)
  3 leopard geckos
  30 orcs
  5 bats
  4 giant cockroaches
  A goblin (D:1)
  A hobgoblin (D:1)
  7 jackals
  7 quokkas
  2 ball pythons (D:5)
  A frilled lizard (D:4)
  22 kobolds
  3 rats (D:1)
286 creatures vanquished.

Vanquished Creatures (collateral kills)
  Fannar (D:11)
  2 hydras (D:11)
  2 ugly things
  A manticore (D:11)
  A hippogriff (D:13)
  A necrophage (D:11)
  A bullfrog (D:11)
  4 wights (D:13)
  A hound (D:11)
  An orc (D:13)
15 creatures vanquished.

Vanquished Creatures (others)
  A sky beast (D:8)
  An ufetubus (Abyss:2)
  2 fungi (D:4)
4 creatures vanquished.

Grand Total: 305 creatures vanquished

Notes
Turn   | Place    | Note
-------+----------+-------------------------------------------
     0 | D:1      | Flugslaktarn the Deep Dwarf Fighter began the quest for the
                  | Orb.
     0 | D:1      | Reached XP level 1. HP: 20/20 MP: 1/1
    10 | D:1      | Noticed a merfolk zombie
   220 | D:2      | Noticed Terence
   241 | D:2      | Killed Terence
   241 | D:2      | Reached XP level 2. HP: 18/28 MP: 2/2
   241 | D:2      | Reached XP level 3. HP: 22/34 MP: 3/3
   292 | D:3      | Reached skill level 3 in Axes
   312 | D:4      | Reached XP level 4. HP: 40/42 MP: 4/4
   383 | D:4      | Noticed an ogre
   389 | D:4      | Killed an ogre
   389 | D:4      | Reached XP level 5. HP: 26/50 MP: 5/5
   432 | D:4      | Reached skill level 4 in Axes
   601 | D:4      | Found a sacrificial altar of Ru.
   612 | D:4      | Reached XP level 6. HP: 55/57 MP: 6/6
   680 | D:4      | Found a staircase to the Ecumenical Temple.
   680 | D:4      | Noticed Grinder
   706 | Temple   | Entered the Ecumenical Temple
   713 | Temple   | Killed Grinder
   713 | Temple   | Reached skill level 5 in Axes
   820 | Temple   | Became a worshipper of Makhleb the Destroyer
   876 | D:4      | Reached XP level 7. HP: 44/66 MP: 7/7
   922 | D:4      | Reached skill level 1 in Invocations
   934 | D:4      | Found the +7 Singing Sword {vorpal, sonic wave}
  1548 | D:5      | Entered Level 5 of the Dungeon
  1560 | D:5      | Reached skill level 5 in Fighting
  1911 | D:5      | Reached skill level 5 in Armour
  1911 | D:5      | Reached skill level 5 in Shields
  1935 | D:5      | Reached skill level 6 in Axes
  2166 | D:5      | Noticed Edmund
  2181 | D:5      | Reached * piety under Makhleb
  2197 | D:5      | Killed Edmund
  2197 | D:5      | Reached XP level 8. HP: 65/75 MP: 8/10
  2462 | D:6      | Noticed Menkaure
  2473 | D:6      | Killed Menkaure
  2571 | D:6      | Reached skill level 7 in Axes
  2754 | D:6      | Gained mutation: You passively map the area around you.
                  | [Deep Dwarf growth]
  2754 | D:6      | Reached XP level 9. HP: 81/85 MP: 11/11
  3024 | D:7      | Noticed Joseph
  3054 | D:7      | Killed Joseph
  3185 | D:7      | Reached ** piety under Makhleb
  3231 | D:7      | Reached skill level 8 in Axes
  3370 | D:7      | Reached skill level 5 in Invocations
  3855 | D:8      | Reached XP level 10. HP: 67/96 MP: 13/13
  3868 | D:8      | Reached *** piety under Makhleb
  3944 | D:8      | Reached skill level 9 in Axes
  3949 | D:8      | Found a basalt altar of Yredelemnul.
  4278 | D:9      | Found an ornate altar of the Wu Jian Council.
  4893 | D:9      | Found Wiasy's Weapon Shoppe.
  4912 | D:10     | Entered Level 10 of the Dungeon
  4912 | D:10     | Noticed a gargoyle
  4928 | D:10     | Killed a gargoyle
  5097 | D:10     | Noticed a death yak
  5098 | D:10     | Found a staircase to the Lair.
  5151 | D:10     | Killed a death yak
  5151 | D:10     | Reached **** piety under Makhleb
  5273 | D:10     | Found Etafot's Jewellery Emporium.
  5392 | D:10     | Reached skill level 10 in Axes
  5409 | D:10     | Found Ifryuqo's General Store.
  5429 | D:10     | Noticed an orange demon
  5436 | D:10     | Noticed a two-headed ogre
  5450 | D:10     | Killed a two-headed ogre
  5450 | D:10     | Reached XP level 11. HP: 70/106 MP: 14/14
  5543 | D:10     | Found Noel Haboxt's Antique Armour Emporium.
  5608 | D:10     | Found Daipleutz's Weapon Shoppe.
  6005 | D:11     | Noticed an eight-headed hydra
  6016 | D:11     | Killed a 12-headed hydra
  6144 | D:11     | Noticed Fannar
  6168 | D:11     | Killed Fannar
  6328 | D:11     | Noticed a two-headed ogre
  6337 | D:11     | Killed a two-headed ogre
  6337 | D:11     | Reached skill level 11 in Axes
  6401 | D:11     | Noticed an eight-headed hydra
  6415 | D:11     | Killed a ten-headed hydra
  6755 | D:12     | Noticed a purple ugly thing
  6767 | D:12     | Killed a white ugly thing
  6777 | D:12     | Noticed a green ugly thing
  6806 | D:12     | Killed a green ugly thing
  6866 | D:12     | Noticed a sixfirhy
  6876 | D:12     | Reached skill level 10 in Fighting
  6895 | D:12     | Reached skill level 1 in Evocations
  7349 | D:12     | Found a staircase to the Orcish Mines.
  7452 | D:12     | Reached XP level 12. HP: 114/116 MP: 13/13
  7738 | D:13     | Noticed a two-headed ogre
  7739 | D:13     | Noticed a centaur warrior
  7751 | D:13     | Killed a two-headed ogre
  7760 | D:13     | Killed a centaur warrior
  7760 | D:13     | Reached ***** piety under Makhleb
  7799 | D:13     | Noticed Jorgrun
  7831 | D:13     | Killed Jorgrun
  7831 | D:13     | Reached skill level 12 in Axes
  8210 | D:14     | Noticed Louise
  8213 | D:14     | Found an iron altar of Okawaru.
  8250 | D:14     | Cast into level 2 of the Abyss (Louise)
  8277 | Abyss:2  | Found a corrupted altar of Lugonu.
  8288 | Abyss:2  | Noticed a red draconian monk
  8336 | Abyss:2  | Mangled by a large abomination

Illustrated notes

Levels and vault maps discovered:
D:1:      shiori_arrival_whats_in_store_for_you, layout_rooms,
          chequers_serial_rivers_marsh
D:2:      layout_loops_ring, minmay_door_square, uniq_terence, uniq_sigmund
D:3:      minmay_roachtagon, layout_basic
D:4:      old_forge, layout_basic, nicolae_overflow_hidden_temple,
          minmay_temple_entry_steel_oval, uniq_grinder
D:5:      layout_basic, uniq_edmund
D:6:      layout_cave_pools, uniq_menkaure
D:7:      layout_gridville, uniq_joseph
D:8:      layout_cave_pools, basic_altar, grunt_decor_fettered,
          minmay_misc_feat_hallway, chequers_decorated_corner
D:9:      layout_irregular_city, serial_shops, shop, basic_altar
D:10:     layout_basic, david_lair_generic, serial_shops, nicolae_shop_trees,
          shop, shop, nicolae_shop_trees, serial_bayou_pond_e,
          minmay_diced_spiral
D:11:     layout_long_grid, uniq_fannar
D:12:     minmay_inner_zag, layout_irregular_city, serial_column_ruins,
          column_ruins_hut, column_ruins_open_tiny_water,
          column_ruins_open_medium, column_ruins_columns_straight,
          column_ruins_grid_3, column_ruins_open_large,
          column_ruins_columns_corner
D:13:     layout_cave_pools, uniq_jorgrun
D:14:     layout_loops_ring, ximxim_vaults_locker_room,
          okawaru_ov_weapons_minmay, uniq_frances, uniq_louise
Temple:   roderic_octagonal_lattice_temple
Abyss:2:  base:
D:9

Skill      XL: |  1  2  3  4  5  6  7  8  9 10 11 12 |
---------------+-------------------------------------+-----
Fighting       | 3 4 5 6 7 9 10 | 10.8
Axes           | 3 4 5 6 7 8 10 11 12 | 12.3
Armour         | 4 5 6 7 8 9 |  9.4
Shields        | 4 5 6 7 8 9 |  9.4
Invocations    | 2 4 5 7 9 |  9.6
Evocations     | 1 3 |  3.9

Action                   |  1- 3 |  4- 6 |  7- 9 | 10-12 || total
-------------------------+-------+-------+-------+-------++-------
Melee: War axe           |    56 |    95 |   470 |   759 ||  1380
Invok: Lesser Servant of |       |       |       |    11 ||    11
 Abil: Heal Wounds       |     1 |     4 |     8 |    31 ||    44
Evoke: Wand              |       |       |       |     2 ||     2
  Use: Scroll            |       |       |     9 |    16 ||    25
       Potion            |       |       |     1 |     5 ||     6
 Stab: Distracted        |       |       |       |     3 ||     3
Armor: Scale mail        |    12 |       |       |       ||    12
       Chain mail        |     8 |    31 |   317 |    10 ||   366
       Plate armour      |       |       |       |   537 ||   537
       Skin              |       |       |       |    29 ||    29
Dodge: Dodged            |    16 |    24 |   122 |   112 ||   274
Block: Kite shield       |    27 |    58 |   284 |    35 ||   404
       Tower shield      |       |       |       |   780 ||   780

Table legend: (Time is in decaauts)
 A = Elapsed time spent in this place.
 B = Non-inter-level travel time spent in this place.
 C = Inter-level travel time spent in this place.
 D = Time resting spent in this place.
 E = Time spent auto-exploring this place.
 F = Levels seen in this place.
 G = Mean time per level.
                   A        B        C        D        E       F      G
               +--------+--------+--------+--------+--------+-----+--------+
         Total |   8584 |   8167 |    417 |    232 |   5436 |  16 |  536.5 |
       Dungeon |   8356 |   7974 |    382 |    232 |   5310 |  14 |  596.9 |
        Temple |    140 |    105 |     35 |      0 |     90 |   1 |  140.0 |
         Abyss |     86 |     86 |      0 |      0 |     36 |   1 |   86.0 |
               +--------+--------+--------+--------+--------+-----+--------+

Top non-repeatable levels by time:
     D:4: 1157 daAuts
    D:11: 957 daAuts
    D:10: 934 daAuts
    D:12: 912 daAuts
     D:5: 905 daAuts
     D:8: 720 daAuts
     D:9: 679 daAuts
     D:7: 609 daAuts
     D:6: 549 daAuts
    D:13: 448 daAuts
     D:2: 184 daAuts
    D:14: 162 daAuts
  Temple: 140 daAuts
     D:1: 113 daAuts
 Abyss:2: 86 daAuts
